 Dungeon Crawl Stone Soup version 0.29-a0-22-gbf593b16ee (webtiles) character file.

Game seed: 13650832060518113180

580715 freelancePsychic the Warrior (level 24, -15/224 HPs)
             Began as a Demigod Air Elementalist on Jan 28, 2022.
             Killed from afar by a red draconian scorcher (55 damage)
             ... with damnation
             ... on level 5 of the Realm of Zot on Jan 29, 2022.
             The game lasted 04:00:37 (88773 turns).

freelancePsychic the Warrior (DgAE)                Turns: 88773, Time: 04:00:38

Health: -15/224    AC: 35    Str: 18    XL:     24   Next: 68%
Magic:  6/46       EV: 20    Int: 51    God:
Gold:   2807       SH: 11    Dex: 14    Spells: 5/50 levels left

rFire   + + .      SeeInvis .   H - staff of air
rCold   + . .      Faith    .   I - +2 buckler
rNeg    . . .      Spirit   .   h - +6 fire dragon scales
rPois   .          Reflect  .   x - +2 helmet {Int+3}
rElec   +          Harm     .   k - +1 cloak of Starlight {*Dazzle EV+4 Stlth--}
rCorr   .          Rampage  .   Y - +0 pair of gloves {Str+3}
Will    ++...                   Q - +4 pair of boots of Keufa {rElec rC+}
Stlth   ..........              s - amulet of regeneration
HPRegen 1.27/turn               P - ring of protection from cold
MPRegen 0.30/turn               E - ring "Qyuxypex" {Wiz Int+3 Stlth+}

@: hasted (expiring), studying Unarmed Combat, very quick
A: high MP 1, forlorn, divine attributes, iridescent scales 1, large bone plates
1, strong 1
}: 3/15 runes: decaying, serpentine, slimy
a: no special abilities


You were on level 5 of the Realm of Zot.
You visited 11 branches of the dungeon, and saw 55 of its levels.
You also visited: Wizlab.

You collected 6509 gold pieces.
You spent 3702 gold pieces at shops.

Inventory:

Hand Weapons
 a - the +11 eveningstar of Skirmishing {flame, Drain rElec rPois Stlth-}
   (You took it off an orc knight on level 10 of the Dungeon)

   It burns those it strikes, dealing additional fire damage.
   rElec:     It insulates you from electricity.
   rPois:     It protects you from poison.
   Drain:     It drains your maximum health when unequipped.
   Stlth:     It makes you less stealthy.
Armour
 h - +6 fire dragon scales (worn)
 k - the +1 cloak of Starlight (worn) {*Dazzle EV+4 Stlth--}
   (You found it on level 3 of the Elven Halls)

   It may blind those who miss an attack against the wearer in melee combat.
   EV:        It affects your evasion (+4).
   Stlth:     It makes you much less stealthy.
 o - a +2 kite shield of protection
 x - a +2 helmet of intelligence (worn)
 I - a +2 buckler (worn)
 Q - the +4 pair of boots of Keufa (worn) {rElec rC+}
   (You found it on level 4 of the Depths)

   rC:        It protects you from cold.
   rElec:     It insulates you from electricity.
 Y - a +0 pair of gloves of strength (worn)
Magical Staves
 H - a staff of air (weapon)
Jewellery
 d - a +6 ring of intelligence
 s - an amulet of regeneration (around neck)
 E - the ring "Qyuxypex" (right hand) {Wiz Int+3 Stlth+}
   (You acquired it on level 2 of the Vaults)

   [ring of wizardry]

   It improves your spell success rate.
   Int:       It affects your intelligence (+3).
   Stlth:     It makes you more stealthy.
 N - a ring of ice
 O - a ring of ice
 P - a ring of protection from cold (left hand)
 R - a ring of see invisible
 T - a ring of resist corrosion
 V - a ring of magical power
Wands
 v - a wand of acid (6)
 B - a wand of paralysis (19)
 D - a wand of iceblast (43)
 K - a wand of flame (66)
 U - a wand of digging (15)
 W - a wand of mindburst (26)
Scrolls
 b - a scroll of magic mapping
 i - 8 scrolls of silence
 l - 4 scrolls of fear
 q - 11 scrolls of teleportation {@r4}
 w - 7 scrolls of amnesia
 y - 14 scrolls of enchant weapon
 z - 15 scrolls of identify {@r1}
 C - a scroll of brand weapon
 J - 3 scrolls of immolation
 L - 4 scrolls of blinking
 S - a scroll of summoning
Potions
 c - 2 potions of heal wounds {@q2}
 e - 4 potions of ambrosia
 g - 21 potions of curing {@q1}
 j - 4 potions of invisibility
 m - 2 potions of berserk rage
 n - 5 potions of flight
 p - 6 potions of lignification
 r - 5 potions of might
 t - 3 potions of haste {@q3}
 A - 7 potions of mutation
 F - a potion of cancellation
 G - 8 potions of attraction
 M - 5 potions of brilliance
 Z - a potion of resistance
Miscellaneous
 f - a condenser vane


   Skills:
 + Level 20.1 Fighting
 - Level 9.5(9.6) Maces & Flails
 - Level 2.1(6.3) Staves
 - Level 15.0 Armour
 + Level 16.2 Dodging
 - Level 3.4 Stealth
 - Level 4.2 Shields
 - Level 13.9 Spellcasting
 - Level 17.4 Conjurations
 - Level 12.1 Summonings
 - Level 6.3 Necromancy
 - Level 4.0 Transmutations
 - Level 17.3 Air Magic
 - Level 9.1 Earth Magic
 - Level 4.0 Evocations


You had 5 spell levels left.
You knew the following spells:

 Your Spells              Type           Power      Damage    Failure   Level
a - Lee's Rapid Deconstr  Erth           45%        3d23*     1%          5
b - Dispel Undead         Necr           79%        3d26      1%          4
c - Maxwell's Capacitive  Air            71%        ∞         4%          8
d - Spellforged Servitor  Conj/Summ      55%        N/A       1%          7
e - Conjure Ball Lightni  Conj/Air       72%        3x3d27    1%          6
f - Lehudib's Crystal Sp  Conj/Erth      53%        10d13     22%         8
g - Sublimation of Blood  Necr           79%        N/A       1%          2
h - Irradiate             Conj/Tmut      49%        3d30      1%          5

Your spell library contained the following spells:

 Spells                   Type           Power      Damage    Failure   Level
 Magic Dart               Conj           100%       1d8       0%          1
 Shock                    Conj/Air       100%       1d9       0%          1
 Summon Small Mammal      Summ           100%       N/A       0%          1
 Corpse Rot               Necr/Air       100%       N/A       0%          2
 Searing Ray              Conj           100%       2d8       0%          2
 Static Discharge         Conj/Air       100%       N/A       0%          2
 Swiftness                Air            100%       N/A       0%          3
 Airstrike                Air            71%        N/A       0%          4
 Apportation              Tloc           70%        N/A       1%          1
 Freeze                   Ice            100%       1d11      1%          1
 Slow                     Hex            100%       N/A       1%          1
 Sting                    Tmut/Pois      100%       1d8       1%          1
 Ensorcelled Hibernation  Hex/Ice        70%        N/A       1%          2
 Poisonous Vapours        Pois/Air       100%       N/A       1%          2
 Call Canine Familiar     Summ           100%       N/A       1%          3
 Conjure Flame            Conj/Fire      90%        6-21      1%          3
 Dazzling Flash           Conj/Hex       100%       N/A       1%          3
 Ignite Poison            Fire/Tmut/Pois 49%        N/A       1%          3
 Spider Form              Tmut/Pois      54%        N/A       1%          3
 Stone Arrow              Conj/Erth      100%       3d13      1%          3
 Summon Guardian Golem    Hex/Summ       77%        N/A       1%          3
 Vampiric Draining        Necr           79%        2d11      1%          3
 Animate Armour           Summ/Erth      100%       N/A       1%          4
 Fulminant Prism          Conj/Hex       45%        3d21      1%          4
 Hailstorm                Conj/Ice       90%        3d18      1%          4
 Iskenderun's Mystic Bla  Conj/Tloc      90%        2d18      1%          4
 Petrify                  Tmut/Erth      80%        N/A       1%          4
 Sticky Flame             Conj/Fire      90%        2d10      1%          4
 Summon Ice Beast         Ice/Summ       77%        N/A       1%          4
 Summon Lightning Spire   Summ/Air       100%       N/A       1%          4
 Agony                    Necr           79%        N/A       1%          5
 Borgnjor's Vile Clutch   Necr/Erth      42%        N/A       1%          5
 Excruciating Wounds      Necr           39%        N/A       1%          5
 Fireball                 Conj/Fire      45%        3d18      1%          5
 Iskenderun's Battlesphe  Conj           100%       2d15      1%          5
 Lightning Bolt           Conj/Air       72%        1d97      1%          5
 Silence                  Hex/Air        55%        N/A       1%          5
 Summon Mana Viper        Hex/Summ       77%        N/A       1%          5
 Confusing Touch          Hex            35%        N/A       2%          3
 Frozen Ramparts          Ice            70%        1d9       2%          3
 Gell's Gravitas          Tloc           35%        N/A       2%          3
 Inner Flame              Hex/Fire       35%        N/A       2%          3
 Ozocubu's Armour         Ice            35%        N/A       2%          3
 Portal Projectile        Hex/Tloc       70%        N/A       2%          3
 Teleport Other           Tloc           35%        N/A       2%          3
 Tukima's Dance           Hex            35%        N/A       2%          3
 Anguish                  Hex/Necr       30%        N/A       2%          4
 Ice Form                 Ice/Tmut       54%        N/A       3%          4
 Blade Hands              Tmut           33%        N/A       4%          5
 Cause Fear               Hex            17%        N/A       9%          4
 Olgreb's Toxic Radiance  Pois           35%        N/A       9%          4
 Passage of Golubria      Tloc           35%        N/A       9%          4
 Alistair's Intoxication  Tmut/Pois      36%        N/A       10%         5
 Orb of Destruction       Conj           59%        9d14      1%          7
 Starburst                Conj/Fire      45%        6d13      3%          6
 Monstrous Menagerie      Summ           51%        N/A       4%          7
 Death Channel            Necr           39%        N/A       9%          6
 Haunt                    Necr/Summ      46%        N/A       16%         7
 Simulacrum               Ice/Necr       30%        N/A       32%         6
 Eringya's Noxious Bog    Tmut/Pois      27%        N/A       45%         6
 Malign Gateway           Summ/Tloc      38%        N/A       45%         7
 Dispersal                Tloc           17%        N/A       73%         6
 Dragon Form              Tmut           33%        N/A       75%         7
 Borgnjor's Revivificati  Necr           39%        N/A       98%         8
 Enfeeble                 Hex            17%        N/A       99%         7
 Ozocubu's Refrigeration  Ice            17%        4d8       99%         7
 Necromutation            Tmut/Necr      36%        N/A       99%         8
 Dragon's Call            Summ           51%        N/A       99%         9
 Discord                  Hex            17%        N/A       100%        8
 Disjunction              Tloc           17%        N/A       100%        8
 Ignition                 Fire           17%        3d7       100%        8
 Death's Door             Necr           39%        N/A       100%        9


Dungeon Overview and Level Annotations

Branches:
Dungeon (15/15)            Temple (0/1) D:7            Lair (6/6) D:11
  Swamp (4/4) Lair:2        Snake (4/4) Lair:2        Slime (5/5) Lair:6
    Orc (2/2) D:10            Elf (3/3) Orc:2        Vaults (4/5) D:14
  Crypt (3/3) Vaults:3       Tomb (0/3) Crypt:3      Depths (4/4) D:15
    Zot (5/5) Depths:4     WizLab (visited)

Shops:
D:3 *   D:7 =   D:9 [   D:12 *   Orc:2 ?[(((   Swamp:3 *   Vaults:1 ([*((
Vaults:2 !?*   Vaults:3 =   Vaults:4 ((   Depths:4 (

Portals:
Hell: Depths:1 Depths:2 Depths:3 Depths:4
Abyss: Depths:3
Pandemonium: Depths:2
Ziggurat: Depths:1
Trove: D:11 (give 6 scrolls of fear)

Annotations:
D:4 Menkaure
Lair:5 exclusion: oklob plant
Snake:4 1 runed translucent door, mcgeepi's ghost, adept OgTm
Elf:2 3 runed translucent doors
Vaults:4 Mennas


Innate Abilities, Weirdness & Mutations

You have an increased reservoir of magic. (+10% MP)
You shall have no god before yourself.
Your divine heritage dramatically boosts your attributes as you level up.
You are partially covered in iridescent scales. (AC +2)
You are partially covered in large bone plates. (SH +4)
Your muscles are strong. (Str +2)


Message History

The blast of lightning engulfs the Orb Guardian!!!
You kill the Orb Guardian!
The blast of lightning engulfs your ball lightning.
Your ball lightning completely resists.
You hear a deafening roar!
A red draconian comes into view. It is wielding a +0 halberd.
The red draconian roars!
A red draconian scorcher comes into view.
It is wielding a +0 long sword.
The red draconian scorcher roars!
Your ball lightning explodes!
The blast of lightning engulfs the Orb Guardian!!!
The Orb Guardian is severely wounded.
The blast of lightning engulfs your ball lightning.
Your ball lightning completely resists.
A black draconian knight comes into view.
It is wielding a +4 battleaxe of flaming.
Your ball lightning explodes!
The blast of lightning engulfs the Orb Guardian!!
You kill the Orb Guardian!
The red draconian breathes fire at you. The searing blast hits you. You resist.
A shadow dragon and a yellow draconian come into view.
The yellow draconian is wielding a +2 halberd of venom.
The red draconian scorcher breathes fire at you.
The searing blast misses you.
The black draconian knight gestures wildly while chanting.
The black draconian knight flickers and vanishes!
Deactivating autopickup; reactivate with Ctrl-A.
Blink to where?
Press: ? - help, Dir - move target A purple draconian and a quicksilver dragon come into view.
As you read the scroll of blinking, it crumbles to dust.
The purple draconian roars!
The quicksilver dragon roars deafeningly!
The purple draconian breathes dispelling energy at you.
The bolt of dispelling energy hits you!!!
Your magical effects are unravelling.
* * * LOW HITPOINT WARNING * * *
The red draconian scorcher casts a spell at you.
The sphere of damnation explodes!
The damnation engulfs you!!!
You die...

...^..### ###.☼§.^.)...
#....## ##).§.##...)..
###...###########.).###..)....
##.......d?..{.q.###...^....
##....D...D...d## #.^......
#........d....# #........
##...........## #........
#)..........# #....^...
##....^..@...## #........
#.......^.....# ##.^.....
##.............##
#...............#
########.######## ######
##...#.....# #.....
#.[#..⌠^...# ##.....
###'######..### ##.....#
##...##........###....###


You could see a shadow dragon, a yellow draconian, a purple draconian (catching
breath), a red draconian (catching breath), a quicksilver dragon and a red
draconian scorcher.

Vanquished Creatures
  the Royal Jelly (Slime:5)
  4 dread liches
  2 orbs of fire (Zot:5)
  3 ancient liches (Zot:5)
  A juggernaut (Depths:4)
  Sojobo (Vaults:4)
  4 Killer Klowns
  A curse toe (Zot:5)
  2 golden dragons (Zot:5)
  A Hellbinder (WizLab)
  3 bone dragons
  Jory (Crypt:1)
  2 electric golems (Zot:5)
  6 tentacled monstrosities
  A walking crystal tome (D:15)
  4 liches
  13 Orb Guardians (Zot:5)
  5 quicksilver dragons
  A shard shrike skeleton (Crypt:3)
  A deep elf blademaster (Elf:3)
  2 deep elf master archers (Elf:3)
  A titan (Depths:4)
  9 acid blobs
  2 death cobs
  Frances (Swamp:2)
  7 storm dragons
  3 shadow dragons
  5 sphinxes
  4 tengu reavers
  A thorn hunter (Swamp:4)
  8 rockslimes
  8 azure jellies
  4 deep elf sorcerers (Elf:3)
  10 nagarajas
  A fenstrider witch (Swamp:4)
  6 fire giants
  4 draconian monks
  2 draconian knights
  Aizul (Snake:1)
  8 frost giants
  A cacodemon (WizLab)
  7 vault wardens
  4 draconian scorchers
  An iron dragon (Depths:3)
  5 balrugs (WizLab)
  A ghost moth (shapeshifter) (Elf:2)
  5 deep elf elementalists (Elf:3)
  18 ironbound preservers
  5 war gargoyles
  7 draconian stormcallers
  4 ghouls
  An orc warlord (Orc:1)
  A juggernaut skeleton (Crypt:3)
  A curse skull (Crypt:3)
  5 draconian shifters
  5 draconian annihilators
  A spriggan defender (Depths:1)
  2 ironbound thunderhulks (Vaults:4)
  A caustic shrike skeleton (Crypt:1)
  16 very ugly things
  8 vampire knights
  9 quicksilver oozes
  9 green draconians
  13 stone giants
  2 lorocyprocas
  Nessos (D:15)
  A demonspawn black sun (WizLab)
  9 deep elf demonologists
  8 deep elf annihilators
  An eleionoma (Swamp:3)
  15 yellow draconians
  3 dire elephants (Vaults:2)
  3 bunyips
  4 black draconians
  5 red draconians
  5 entropy weavers
  8 spark wasps
  6 white draconians
  7 eidola
  5 purple draconians
  4 deep elf death magi
  A crystal guardian (Vaults:3)
  7 ettins
  A merfolk javelineer (Depths:3)
  A green death (WizLab)
  5 fire dragons
  A blizzard demon (WizLab)
  5 yaktaur captains
  4 deep elf high priests
  Josephine (Snake:1)
  2 jiangshi (Crypt:2)
  3 spriggan zombies (Crypt:1)
  Erolcha (D:12)
  6 boulder beetles
  2 hell beasts
  5 rakshasas
  11 vault guards
  2 salamander tyrants (Snake:4)
  6 great orbs of eyes
  7 ice dragons
  18 hydras
  16 naga warriors
  2 shambling mangroves
  9 ironbound frosthearts
  2 spriggan air magi
  4 ghost crabs
  2 peacekeepers
  Erica (Lair:2)
  5 centaur warriors
  15 anacondas
  11 alligators
  A catoblepas (Lair:6)
  2 death knights
  14 dancing weapons
  4 two-headed ogres
  8 tengu warriors
  6 deep troll shamans
  5 death yaks (Lair:6)
  9 deep troll earth magi
  3 shock serpents
  16 naga sharpshooters
  6 vampire magi
  4 orc high priests
  10 deep elf knights
  2 spriggan berserkers
  13 hell knights
  8 sun demons
  4 salamander mystics
  3 shadow wraiths
  5 goliath frogs
  2 soul eaters
  2 iron trolls
  8 sea snakes
  2 sixfirhies (WizLab)
  5 skeletal warriors
  11 flayed ghosts
  A quicksilver dragon simulacrum (Crypt:1)
  A spriggan druid (Swamp:3)
  5 glowing orange brains
  A death drake (Swamp:2)
  2 spectral hydras (Swamp:4)
  6 bog bodies
  51 deep trolls
  An orb spider (shapeshifter) (Depths:3)
  11 wizards
  14 phantasmal warriors
  8 ironbound convokers
  5 swamp dragons
  27 deep elf zephyrmancers
  An anaconda skeleton (Crypt:3)
  6 lindwurms
  6 naga ritualists
  A bunyip skeleton (Crypt:3)
  11 deep elf archers
  25 deep elf pyromancers
  3 necromancers
  5 orc knights
  7 cyclopes
  12 mana vipers
  4 oklob plants (Zot:1)
  17 salamanders
  56 ugly things
  5 manticores
  A fire giant zombie (Crypt:1)
  6 orc sorcerers
  A shining eye (Slime:5)
  6 will-o-the-wisps
  5 rust devils (WizLab)
  9 moths of wrath
  An iron dragon skeleton (Crypt:2)
  8 guardian serpents
  43 black mambas
  14 naga magi
  A stone giant skeleton (Crypt:3)
  14 elephants
  2 eyes of devastation
  5 smoke demons
  An orange demon (WizLab)
  A torpor snail (Lair:4)
  12 cane toads
  10 vault sentinels
  A catoblepas zombie (Crypt:1)
  6 gargoyles
  An alligator snapping turtle zombie (Crypt:1)
  An orb spider zombie (Crypt:1)
  6 rime drakes
  11 unseen horrors
  9 komodo dragons
  A kobold demonologist (D:11)
  An efreet (D:14)
  27 yaktaurs
  4 swamp worm zombies (Swamp:4)
  A tormentor (WizLab)
  6 tengu conjurers
  5 red devils
  8 guardian mummies
  2 freezing wraiths
  An ice devil (WizLab)
  6 trolls
  4 bloated husks (Swamp:4)
  4 hydra zombies (Swamp:4)
  12 hornets
  6 polar bears
  A polar bear (shapeshifter) (D:10)
  11 tyrant leeches
  A harpy skeleton (Crypt:3)
  An alligator zombie (Swamp:4)
  3 spectral swamp dragons (Swamp:4)
  A tarantella zombie (Crypt:1)
  A fire dragon zombie (Crypt:1)
  54 slime creatures
  3 dream sheep (Lair:4)
  Grinder (D:3)
  19 blink frogs
  A hydra skeleton (Crypt:2)
  4 shadows
  23 wraiths
  A culicivora (Vaults:3)
  A fire dragon skeleton (Crypt:1)
  An ice dragon skeleton (Crypt:2)
  A ynoxinul (WizLab)
  3 air elementals
  41 yaks
  A vampire (D:11)
  An alligator skeleton (Crypt:2)
  4 wyverns
  10 water elementals
  A human (shapeshifter) (D:15)
  4 basilisks
  11 golden eyes
  A steam dragon (D:7)
  A fire elemental (Elf:3)
  7 spriggans
  3 chaos spawn (WizLab)
  5 redbacks
  A neqoxec (WizLab)
  11 vampire mosquitoes
  17 swamp worms
  5 wargs
  A naga zombie (Crypt:1)
  A water nymph skeleton (Crypt:2)
  2 acid dragons
  36 nagas
  A hell hound (Depths:2)
  18 water moccasins
  42 orc warriors
  An ice beast (shapeshifter) (Depths:2)
  3 necrophages
  A sky beast (D:7)
  2 swamp drakes
  6 black bears
  20 wolves
  3 swamp dragon zombies (Swamp:4)
  13 ogres
  10 centaurs
  6 phantoms (Swamp:4)
  5 kobold brigands
  18 bullfrogs
  2 scorpions
  2 gnoll sergeants (D:10)
  An earth elemental (Elf:1)
  A raiju zombie (Crypt:2)
  14 wights
  A polar bear skeleton (Crypt:1)
  4 killer bees (D:9)
  A nameless horror (Lair:6)
  3 howler monkeys (D:10)
  A raiju skeleton (Crypt:2)
  2 electric eels
  3 lava snakes (Snake:4)
  7 centaur zombies
  2 hounds
  13 jellies
  A gnoll shaman (D:8)
  27 orc priests
  2 centaur skeletons
  A human zombie (Crypt:1)
  A bullfrog skeleton (Crypt:1)
  An iguana (D:7)
  29 orc wizards
  A spectral swamp drake (Swamp:4)
  3 hound skeletons
  7 mummies (Crypt:3)
  A howler monkey zombie (D:8)
  8 gnolls
  A howler monkey skeleton (D:5)
  A swamp drake zombie (Swamp:4)
  An adder (shapeshifter) (Elf:2)
  5 adders
  3 ufetubi
  3 dart slugs
  112 orcs
  9 ball pythons
  7 endoplasms
  2 giant cockroaches
  4 goblins
  11 hobgoblins
  4 quokkas
  A bat (D:2)
  A frilled lizard (D:3)
  A hobgoblin skeleton (Crypt:2)
  18 kobolds
  A kobold zombie (Crypt:2)
  9 rats
  19 briar patches (Swamp:4)
  2 fire vortices
2023 creatures vanquished.

Vanquished Creatures (collateral kills)
  A golden dragon (Zot:3)
  2 tentacled monstrosities
  7 Orb Guardians (Zot:5)
  A walking crystal tome (Depths:2)
  3 acid blobs
  A sphinx (Depths:3)
  A draconian monk (Zot:5)
  A storm dragon (Zot:3)
  2 fire giants (Depths:2)
  A shadow dragon (Zot:4)
  An azure jelly (Slime:2)
  2 rockslimes
  4 frost giants
  An iron dragon (Depths:2)
  A draconian knight (Zot:3)
  2 draconian shifters
  A draconian scorcher (Zot:1)
  2 very ugly things
  A draconian stormcaller (Zot:2)
  A spriggan defender (Depths:2)
  2 stone giants (Depths:4)
  An eleionoma (Swamp:4)
  A green draconian (Zot:5)
  4 yellow draconians
  A spark wasp (shapeshifter) (Depths:1)
  2 black draconians
  5 spark wasps
  2 white draconians
  3 ettins (Depths:2)
  2 fire dragons (Depths:2)
  An ice dragon (Depths:3)
  6 great orbs of eyes
  A vault guard (D:14)
  2 rakshasas
  A spriggan air mage (Depths:3)
  4 deep troll shamans
  2 deep troll earth magi
  2 hell knights (Depths:2)
  2 sun demons (Depths:2)
  3 iron trolls
  A deep troll (Depths:2)
  A glowing orange brain (Slime:5)
  A naga ritualist (Snake:2)
  A phantasmal warrior (Swamp:4)
  A shining eye (Slime:5)
  A moth of wrath (Zot:4)
  2 ugly things (Depths:2)
  2 eyes of devastation (Slime:5)
  A hellion (Depths:2)
  8 slime creatures
  A spectral swamp dragon (Swamp:4)
  A water elemental (Depths:3)
  3 golden eyes
  A naga (Snake:2)
  A swamp worm (Swamp:4)
  A floating eye (Depths:4)
  8 jellies (Zot:1)
  47 ball lightnings
165 creatures vanquished.

Vanquished Creatures (others)
  Nikola (Swamp:2)
  A frost giant (D:15)
  A fire giant (Depths:2)
  A spriggan air mage (Depths:1)
  A shock serpent (Snake:2)
  A deep elf knight (Elf:2)
  A deep elf pyromancer (Elf:1)
  3 deep elf zephyrmancers
  An unseen horror (D:13)
  5 bloated husks
  1348 ball lightnings
  A bush (Lair:6)
  20 foxfires
  58 fungi
  129 plants
  A withered plant (Crypt:3)
1573 creatures vanquished.

Grand Total: 3761 creatures vanquished

Notes
Turn   | Place    | Note
-------+----------+-------------------------------------------
     0 | D:1      | freelancePsychic the Demigod Air Elementalist began the
                  | quest for the Orb.
     0 | D:1      | Reached XP level 1. HP: 14/14 MP: 5/5
    86 | D:1      | Reached skill level 1 in Conjurations
   537 | D:1      | Reached XP level 2. HP: 22/22 MP: 5/7
   540 | D:1      | Learned a level 2 spell: Static Discharge
   864 | D:1      | You fall into a shaft and drop 1 floor!
  1668 | D:2      | Reached XP level 3. HP: 27/27 MP: 3/8
  1671 | D:2      | Reached skill level 1 in Fighting
  2648 | D:3      | Found Tuafid's General Store.
  2659 | D:3      | Bought a scroll of magic mapping for 38 gold pieces
  2758 | D:3      | Noticed Grinder
  2761 | D:4      | Noticed a bullfrog
  2795 | D:4      | Reached XP level 4. HP: 9/35 MP: 3/10
  2801 | D:4      | HP: 1/35 [poisoned by an adder]
  3121 | D:4      | Learned a level 3 spell: Swiftness
  3840 | D:4      | Noticed Menkaure
  3938 | D:3      | Killed Grinder
  3939 | D:3      | Reached skill level 2 in Fighting
  3939 | D:3      | Reached XP level 5. HP: 8/42 MP: 0/11
  3939 | D:3      | Reached XP level 6. HP: 10/50 MP: 0/12
  4201 | D:4      | Reached skill level 5 in Air Magic
  4533 | D:4      | Reached skill level 3 in Fighting
  4603 | D:4      | Reached XP level 7. HP: 54/57 MP: 8/13
  4895 | D:5      | Entered Level 5 of the Dungeon
  5041 | D:5      | Learned a level 4 spell: Airstrike
  5217 | D:5      | Reached skill level 1 in Armour
  5592 | D:5      | Reached skill level 1 in Maces & Flails
  5756 | D:5      | Reached skill level 4 in Fighting
  6116 | D:6      | Reached XP level 8. HP: 43/66 MP: 11/14
  6638 | D:7      | Identified the +0 flail of the Poles {pain, Fragile rN++
                  | MP+9 Str+2}
  6880 | D:7      | Noticed a troll
  7016 | D:7      | Noticed a troll
  7044 | D:7      | Killed a troll
  7289 | D:7      | Killed a troll
  7290 | D:7      | Reached skill level 5 in Fighting
  7431 | D:7      | Found Dud Raniola's Jewellery Shop.
  7699 | D:7      | Reached XP level 9. HP: 70/74 MP: 3/15
  7783 | D:7      | Found a staircase to the Ecumenical Temple.
  8625 | D:8      | Reached skill level 1 in Staves
  9524 | D:8      | Reached skill level 6 in Fighting
  9783 | D:8      | Reached skill level 5 in Armour
  9870 | D:8      | Noticed an eight-headed hydra
 10015 | D:9      | Noticed a two-headed ogre
 10025 | D:8      | Killed a two-headed ogre
 10026 | D:8      | Reached skill level 1 in Shields
 10026 | D:8      | Reached XP level 10. HP: 67/84 MP: 3/17
 10182 | D:8      | Killed an eight-headed hydra
 10449 | D:9      | Reached skill level 10 in Air Magic
 10825 | D:9      | Found Ityzudo's Antique Armour Emporium.
 10830 | D:9      | Bought a slimy ring mail for 189 gold pieces
 10830 | D:9      | Identified the +3 ring mail "Domoh" {-Tele Harm Regen+
                  | rCorr} (You bought it in a shop on level 9 of the Dungeon)
 11272 | D:10     | Entered Level 10 of the Dungeon
 11283 | D:10     | Identified the +5 scale mail of Jocular Satisfaction {Str-3
                  | Int+7}
 11359 | D:9      | Reached skill level 7 in Fighting
 11648 | D:3      | Bought a +2 helmet of intelligence for 236 gold pieces
 12420 | D:10     | Reached XP level 11. HP: 76/92 MP: 1/18
 12941 | D:10     | Found a staircase to the Orcish Mines.
 13895 | D:11     | Reached skill level 8 in Fighting
 14042 | D:11     | Noticed a two-headed ogre
 14186 | D:11     | Killed a two-headed ogre
 14319 | D:11     | Noticed a two-headed ogre
 14328 | D:11     | Killed a two-headed ogre
 14402 | D:11     | Noticed an eight-headed hydra
 14457 | D:11     | Noticed a +0 hand axe
 14457 | D:11     | Noticed a +0 dagger
 14752 | D:11     | Noticed a four-headed hydra
 14788 | D:10     | HP: 3/95 [four-headed hydra (12)]
 14859 | D:10     | Killed a four-headed hydra
 15045 | D:11     | Found a staircase to the Lair.
 15050 | Lair:1   | Entered Level 1 of the Lair of Beasts
 15536 | Lair:1   | Reached skill level 9 in Fighting
 15562 | Lair:1   | Reached XP level 12. HP: 85/104 MP: 5/21
 16289 | Lair:2   | Reached skill level 5 in Conjurations
 16500 | Lair:2   | Found a staircase to the Snake Pit.
 16641 | Lair:2   | Noticed a seven-headed hydra
 16647 | Lair:2   | Killed a seven-headed hydra
 16648 | Lair:2   | Reached skill level 1 in Evocations
 17095 | Lair:2   | Noticed Erica
 18139 | Lair:3   | Reached skill level 5 in Spellcasting
 18650 | Lair:3   | Reached skill level 10 in Fighting
 18664 | Lair:3   | Noticed a seven-headed hydra
 19058 | Lair:3   | Killed a seven-headed hydra
 19275 | Lair:3   | Noticed a boulder beetle
 19513 | Lair:4   | Noticed a boulder beetle
 19531 | Lair:4   | Killed a boulder beetle
 19672 | Lair:4   | Identified the +1 leather armour "Rocithen" {rF- Dex+6}
 19859 | Lair:3   | Killed a boulder beetle
 20802 | Lair:4   | Learned a level 5 spell: Lightning Bolt
 21038 | Lair:4   | Reached XP level 13. HP: 114/114 MP: 26/26
 21225 | Lair:4   | You fall into a shaft and drop 2 floors!
 21225 | Lair:6   | Entered Level 6 of the Lair of Beasts
 21298 | Lair:6   | Found a staircase to the Slime Pits.
 22352 | Lair:4   | Reached skill level 11 in Fighting
 25870 | Lair:6   | Reached skill level 12 in Fighting
 25904 | Lair:6   | Identified the +5 quarterstaff of the Lair of Beasts
                  | {distort, rPois rC+ Int+9 Dex-2}
 26244 | Lair:1   | Reached XP level 14. HP: 111/126 MP: 29/31
 26692 | D:11     | Found a portal to a secret trove of treasure.
 26770 | D:11     | Identified the +11 eveningstar of Skirmishing {flame, Drain
                  | rElec rPois Stlth-}
 27401 | D:12     | Found Watitot's General Store.
 27419 | D:12     | Noticed Erolcha
 27425 | D:12     | Killed Erolcha
 28451 | Orc:1    | Entered Level 1 of the Orcish Mines
 28814 | D:13     | Reached skill level 10 in Conjurations
 29641 | D:14     | Reached skill level 5 in Maces & Flails
 30336 | D:13     | Learned a level 7 spell: Orb of Destruction
 31222 | D:14     | Found a gate to the Vaults.
 31547 | D:15     | Entered Level 15 of the Dungeon
 31768 | D:15     | Noticed Nessos
 31768 | D:15     | Paralysed by Nessos for 7 turns
 31779 | D:15     | Killed Nessos
 32436 | D:15     | Reached XP level 15. HP: 134/134 MP: 29/33
 32595 | D:15     | Found a staircase to the Depths.
 33100 | Orc:2    | Entered Level 2 of the Orcish Mines
 33391 | Orc:2    | Found Hewei's Antique Weapon Boutique.
 33426 | Orc:2    | Found a staircase to the Elven Halls.
 33508 | Orc:2    | Found Werouq's Firing Range.
 34013 | Orc:2    | Found Degud's Antique Weapon Boutique.
 34015 | Orc:2    | Found Farats's Antique Armour Shop.
 34028 | Orc:2    | Bought a pair of runed gloves for 240 gold pieces
 34039 | Orc:2    | Bought a dull robe for 182 gold pieces
 34039 | Orc:2    | Identified the +2 robe "Cutteuts" {Fly rPois Dex-2 SInv}
                  | (You bought it in a shop on level 2 of the Orcish Mines)
 34197 | Orc:2    | Found Luutavo's Magic Scroll Shoppe.
 34849 | Snake:1  | Entered Level 1 of the Snake Pit
 35807 | Snake:1  | Noticed a nagaraja
 35915 | Lair:2   | Killed Erica
 36303 | Lair:2   | Found a staircase to the Swamp.
 36458 | Swamp:1  | Entered Level 1 of the Swamp
 36702 | Swamp:1  | Reached skill level 15 in Conjurations
 38376 | Swamp:2  | Noticed a tentacled monstrosity
 38380 | Swamp:2  | Noticed Nikola
 38549 | Swamp:2  | Killed Nikola
 39122 | Swamp:2  | Killed a tentacled monstrosity
 39123 | Swamp:2  | Reached XP level 16. HP: 138/141 MP: 19/34
 39468 | Swamp:2  | Learned a level 6 spell: Conjure Ball Lightning
 39571 | Swamp:2  | Noticed Frances
 39575 | Swamp:2  | Killed Frances
 40260 | Swamp:3  | Reached skill level 10 in Armour
 40455 | Swamp:3  | Found Orajegaps's Island Escapes.
 40820 | Swamp:3  | Bought a potion of invisibility for 96 gold pieces
 40820 | Swamp:3  | Bought a potion of haste for 120 gold pieces
 40820 | Swamp:3  | Bought 2 potions of invisibility for 192 gold pieces
 40820 | Swamp:3  | Bought a scroll of blinking for 90 gold pieces
 40859 | Swamp:4  | Entered Level 4 of the Swamp
 40868 | Swamp:4  | Identified the +1 buckler of Goygoept {+Blink Int+2 Dex-4}
 42505 | Swamp:4  | Reached skill level 5 in Dodging
 42505 | Swamp:4  | Reached XP level 17. HP: 141/148 MP: 30/35
 42793 | Swamp:4  | Noticed a bone dragon
 43220 | Snake:1  | Noticed Aizul
 43227 | Snake:1  | Killed Aizul
 43358 | Snake:1  | Noticed Josephine
 43361 | Snake:1  | Killed Josephine
 43557 | Snake:1  | Got the Grimoire of Air and Poison
 46215 | Snake:3  | Reached XP level 18. HP: 104/156 MP: 27/36
 47377 | Snake:4  | Entered Level 4 of the Snake Pit
 47551 | Snake:3  | Upgraded the game from 0.29-a0-11-ga75d3d97ab to
                  | 0.29-a0-22-gbf593b16ee
 48022 | Snake:4  | Found a runed translucent door.
 48022 | Snake:4  | Noticed mcgeepi's ghost (adept OgTm)
 49635 | Snake:4  | Identified the +1 leather armour of Vanity {rN+ Str+3
                  | Stlth+}
 50169 | Snake:4  | Reached skill level 1 in Earth Magic
 50195 | Snake:4  | Reached skill level 13 in Fighting
 50468 | Snake:4  | Got a serpentine rune of Zot
 50855 | Elf:1    | Entered Level 1 of the Elven Halls
 51406 | Elf:1    | Paralysed by an air elemental for 1 turns
 51765 | Elf:1    | Found a runed translucent door.
 52496 | Elf:1    | Paralysed by an air elemental for 1 turns
 52952 | Elf:2    | Reached skill level 10 in Dodging
 52968 | Elf:2    | Reached XP level 19. HP: 118/166 MP: 27/37
 53540 | Elf:2    | Found a runed translucent gate.
 53541 | Elf:2    | Found a runed translucent gate.
 53541 | Elf:2    | Found a runed translucent gate.
 53762 | Elf:3    | Entered Level 3 of the Elven Halls
 53847 | Elf:3    | Reached skill level 14 in Fighting
 54410 | Elf:3    | Paralysed by an air elemental for 1 turns
 55088 | Elf:3    | Identified the +2 robe "Xynk" {Stlth+}
 55088 | Elf:3    | Identified the ring of the Jester {Fly Int+3}
 55682 | Elf:3    | Noticed a Tzitzimitl
 55800 | Elf:3    | Found the +1 cloak of Starlight {*Dazzle EV+4 Stlth--}
 56553 | Vaults:1 | Entered Level 1 of the Vaults
 56633 | Vaults:1 | Identified the +0 scale mail "Erent" {rElec rPois Str+3}
 57104 | Vaults:1 | Reached skill level 15 in Fighting
 57198 | Vaults:1 | Found Heagy's General Store.
 57209 | Vaults:1 | Bought the Handbook of Flight for 570 gold pieces
 57413 | Vaults:1 | Found Biahukhlu's Weapon Shoppe.
 57415 | Vaults:1 | Found Fevec's Antique Armour Shoppe.
 57899 | Vaults:1 | Bought a crude helmet for 351 gold pieces
 57899 | Vaults:1 | Identified the +0 helmet "Mitrocei" {Dex+3} (You bought it
                  | in a shop on level 1 of the Vaults)
 57984 | Vaults:1 | Found Gausme's Weapon Shop.
 58030 | Vaults:1 | Found Xuymedgh's Antique Weapon Shoppe.
 58491 | Vaults:2 | Reached XP level 20. HP: 49/178 MP: 26/39
 58705 | Vaults:2 | Found Coefaegu's Assorted Antiques.
 58775 | Vaults:2 | Found Mimaer's Magic Scroll Boutique.
 58777 | Vaults:2 | Bought a scroll of blinking for 270 gold pieces
 58791 | Vaults:2 | Bought a scroll labelled MABBUSIPPE for 36 gold pieces
 58812 | Vaults:2 | Reached skill level 10 in Spellcasting
 59419 | Vaults:2 | Found Ylirph's Distillery.
 60046 | Vaults:3 | Identified the +5 scale mail of Dithmenos's Respect {rC+
                  | Regen+}
 60408 | Vaults:3 | Found Batuclig's Jewellery Emporium.
 60568 | Vaults:3 | Noticed a bone dragon
 60756 | Vaults:2 | Killed a bone dragon
 60757 | Vaults:2 | Reached skill level 15 in Air Magic
 60932 | Vaults:3 | Paralysed by a sphinx for 4 turns
 61608 | Vaults:3 | Identified the +0 ring mail "Maotilub" {Dex+4}
 61987 | Vaults:3 | Found a staircase to the Crypt.
 62353 | Vaults:4 | Reached skill level 1 in Necromancy
 62586 | Vaults:3 | Learned a level 4 spell: Dispel Undead
 62660 | Vaults:4 | Noticed Sojobo
 62696 | Vaults:4 | Killed Sojobo
 62812 | Vaults:4 | Found Olofij's Weapon Emporium.
 62988 | Vaults:4 | Found Idano's Weapon Shop.
 63007 | Vaults:4 | Reached skill level 5 in Necromancy
 63102 | Vaults:4 | Noticed Mennas
 63270 | Crypt:1  | Entered Level 1 of the Crypt
 64192 | Crypt:1  | Noticed Jory
 64207 | Crypt:1  | Killed Jory
 64928 | Crypt:2  | Reached XP level 21. HP: 160/171 MP: 18/41
 65658 | Crypt:2  | Identified the +0 helmet of the Aged Nightmares {Rampage
                  | Str+2 Slay-3}
 66170 | Crypt:3  | Entered Level 3 of the Crypt
 67404 | Crypt:3  | Got the Handbook of Unholy Arts
 67604 | Crypt:3  | Learned a level 2 spell: Sublimation of Blood
 68127 | Crypt:3  | Found a staircase to the Tomb.
 68241 | Crypt:3  | Noticed a dread lich
 68248 | Crypt:3  | Killed a dread lich
 69003 | Crypt:3  | Learned a level 8 spell: Maxwell's Capacitive Coupling
 69314 | Depths:1 | Entered Level 1 of the Depths
 69355 | Depths:1 | Found a magical portal.
 69409 | WizLab   | Entered The Hall of the Hellbinder
 69441 | WizLab   | Got Mnoleg's Reference Book on Summoning
 69536 | WizLab   | HP: 6/159 [smoke demon/divine providence (13)]
 69775 | WizLab   | Gained mutation: Your spells are a little easier to cast,
                  | but a little less powerful. [a neqoxec]
 70670 | WizLab   | Got the Tome of Creation
 70772 | Depths:1 | Reached skill level 1 in Summonings
 71206 | Vaults:2 | Bought a scroll of acquirement for 1092 gold pieces
 71206 | Vaults:2 | Acquired the ring "Qyuxypex" {Wiz Int+3 Stlth+}
 71716 | D:15     | Learned a level 7 spell: Spellforged Servitor
 71857 | D:15     | Reached skill level 5 in Summonings
 72237 | Depths:1 | Identified the +8 mace of Iconoclasm {vorpal, *Slow rCorr
                  | Str+6 Int+2}
 72362 | Depths:1 | Identified the +2 scale mail of the Slug {Fly MP+9}
 72642 | Depths:1 | Found a one-way gateway to a ziggurat.
 72712 | Depths:1 | Found a gateway to Hell.
 72750 | Depths:1 | Reached XP level 22. HP: 159/192 MP: 45/45
 73532 | Depths:1 | Found the +7 lajatang of Order {silver, rMut}
 74125 | Depths:2 | Found a one-way gate leading to the halls of Pandemonium.
 74591 | Depths:2 | Reached skill level 5 in Earth Magic
 75341 | Depths:2 | Learned a level 8 spell: Lehudib's Crystal Spear
 75387 | Depths:2 | Identified the +7 plate armour of Marbles {rPois}
 76600 | Depths:3 | Paralysed by a sphinx for 4 turns
 77481 | Depths:3 | Reached skill level 16 in Fighting
 78040 | Depths:3 | Found a one-way gate to the infinite horrors of the Abyss.
 78671 | Depths:4 | Entered Level 4 of the Depths
 78710 | Depths:4 | Found the +10 tower shield of Ignorance {rN+ Int-4}
 78916 | Depths:4 | Identified the +4 pair of boots of Keufa {rElec rC+}
 78950 | Depths:4 | Learned a level 5 spell: Irradiate
 79366 | Depths:4 | Reached skill level 10 in Summonings
 79777 | Depths:4 | Found a gate to the Realm of Zot.
 79871 | Depths:4 | Noticed a juggernaut
 79875 | Depths:4 | Killed a juggernaut
 79885 | Depths:4 | Reached XP level 23. HP: 181/204 MP: 19/46
 80169 | Depths:4 | Reached skill level 17 in Fighting
 80287 | Depths:4 | Found Hufidghel's Antique Weapon Shop.
 80757 | Depths:4 | Paralysed by a great orb of eyes for 3 turns
 80873 | Depths:4 | Paralysed by a floating eye for 2 turns
 81669 | Swamp:4  | Got a decaying rune of Zot
 81722 | Swamp:4  | Learned a level 5 spell: Lee's Rapid Deconstruction
 81894 | Slime:1  | Entered Level 1 of the Pits of Slime
 82770 | Slime:5  | Entered Level 5 of the Pits of Slime
 83032 | Slime:5  | Gained mutation: You are clumsy. (Dex -2) [a shining eye]
 83127 | Slime:5  | Noticed the Royal Jelly
 83137 | Slime:5  | Killed the Royal Jelly
 83381 | Slime:5  | Identified the +2 helmet of Liberalism {Str+4}
 83384 | Slime:5  | Identified the +7 great mace of Xawimm {freeze, rC- Str+4
                  | Int+2}
 83386 | Slime:5  | Got a slimy rune of Zot
 83408 | Slime:5  | Identified the amulet "Foddoluges" {Spirit rElec Int+2}
 83414 | Slime:5  | Identified the +1 scale mail of Compression {Int+4}
 83966 | Zot:1    | Entered Level 1 of the Realm of Zot
 83994 | Zot:1    | Reached skill level 18 in Fighting
 85203 | Zot:2    | Noticed a Killer Klown
 85213 | Zot:2    | Killed a Killer Klown
 85657 | Zot:3    | Reached skill level 1 in Transmutations
 85788 | Zot:3    | Noticed a Killer Klown
 85874 | Zot:3    | Killed a Killer Klown
 86169 | Zot:4    | Reached skill level 19 in Fighting
 86338 | Zot:3    | Reached XP level 24. HP: 168/221 MP: 19/46
 86375 | Zot:3    | Lost mutation: Your spells are a little easier to cast, but
                  | a little less powerful. [potion of mutation]
 86375 | Zot:3    | Lost mutation: You are clumsy. (Dex -2) [potion of
                  | mutation]
 86375 | Zot:3    | Gained mutation: You are partially covered in iridescent
                  | scales. (AC +2) [potion of mutation]
 86375 | Zot:3    | Gained mutation: You are partially covered in large bone
                  | plates. (SH +4) [potion of mutation]
 86375 | Zot:3    | Gained mutation: Your muscles are strong. (Str +2) [potion
                  | of mutation]
 86496 | Zot:5    | Entered Level 5 of the Realm of Zot
 87083 | Zot:5    | Reached skill level 15 in Dodging
 87409 | Zot:5    | Noticed an ancient lich
 87415 | Zot:5    | Killed an ancient lich
 87582 | Zot:5    | Noticed an ancient lich
 87586 | Zot:5    | Killed an ancient lich
 87608 | Zot:5    | Noticed an ancient lich
 87612 | Zot:5    | Killed an ancient lich
 87630 | Zot:5    | Noticed a Killer Klown
 87634 | Zot:5    | Killed a Killer Klown
 87770 | Zot:5    | Noticed a Killer Klown
 87790 | Zot:5    | Killed a Killer Klown
 87813 | Zot:5    | Noticed a dread lich
 87818 | Zot:5    | Killed a dread lich
 87854 | Zot:5    | Noticed an orb of fire
 88119 | Zot:5    | Killed an orb of fire
 88397 | Zot:5    | Noticed a dread lich
 88408 | Zot:5    | Killed a dread lich
 88418 | Zot:5    | Noticed an orb of fire
 88427 | Zot:5    | Killed an orb of fire
 88653 | Zot:5    | Reached skill level 15 in Armour
 88735 | Zot:5    | Noticed a dread lich
 88737 | Zot:5    | Paralysed by a dread lich for 3 turns
 88749 | Zot:5    | Killed a dread lich
 88750 | Zot:5    | Reached skill level 20 in Fighting
 88773 | Zot:5    | Killed from afar by a red draconian scorcher

Illustrated notes

Levels and vault maps discovered:
D:1:      grunt_arrival_lava_bath, layout_loops_ring,
          shapermc_ecumenical_altar_starsandcircs, roderic_roman_lattice,
          minmay_misc_feat_rugged, grunt_decor_resistance
D:2:      layout_basic, minivault_25, minmay_misc_feat_tiny,
          minmay_misc_feat_alley
D:3:      layout_basic, serial_shops, nicolae_shop_crystal, uniq_grinder
D:4:      layout_rooms, uniq_menkaure
D:5:      layout_rooms, kennysheep_mini, chequers_serial_rivers_room_a
D:6:      layout_rooms
D:7:      kennysheep_big_flooded_room, layout_gridville,
          minmay_temple_entry_overgrown, serial_shops, shop, the_hattery
D:8:      layout_cave_pods
D:9:      layout_roguey, serial_shops, nicolae_shop_advertising_works
          [nicolae_subvault_shop_adworks], evilmike_butchery
D:10:     layout_rooms, kennysheep_orc_monster_closet_entryway
D:11:     minmay_the_grid_octo_2x2 [minmay_the_grid_octo_checkerflower,
          minmay_the_grid_octo_chip, minmay_the_grid_octo_pinwheel,
          minmay_the_grid_octo_prize_star], layout_loops_ring,
          grunt_lair_entry_orc_guard_hut, nicolae_trove_entry_crystal,
          dancing_weapons_uskayaw
D:12:     layout_cave_pools, nicolae_stop_n_shop_2, uniq_erolcha
D:13:     layout_stronghold, fedhas_altar_2
D:14:     layout_basic, erik_vaults_2, okawaru_trees_2
D:15:     grunt_enter_depths_snipers, layout_loops_ring, serial_park_tiny_pond,
          uniq_nessos
Lair:1:   layout_cave_pods, minmay_stone_trees_small, lemuel_fruit_tree
Lair:2:   layout_misc_corridors, palyth_hydra_swamp_entry,
          minmay_snake_entry_six_corridors, uniq_erica
Lair:3:   layout_hall_layers, minmay_hedge_maze
Lair:4:   hellmonk_ruined_rings, layout_hall_layers, st_stairs_13,
          nzn_masters_of_martial_movement
Lair:5:   layout_roguey
Lair:6:   grunt_lair_end_beastmaster, layout_regular_city, slime_altar_1,
          grunt_megastairs_2
Swamp:1:  layout_basic_swamp, evilmike_swamp_ruin_house_3
Swamp:2:  layout_basic_swamp, nicolae_swamp_godswood, swamp_pool5,
          nicolae_swamp_soggy_hallways, uniq_frances, uniq_nikola
Swamp:3:  layout_basic_swamp, evilmike_swamp_ruin_rubble_2, swamp_pool2,
          nicolae_island_escapes
Swamp:4:  swamp_pestilence, layout_basic_swamp
Snake:1:  layout_rooms, st_stairs_7, uniq_josephine, uniq_aizul
Snake:2:  cheibrodos_snake_ritualist_ritual, layout_chambers,
          serial_bayou_shore_b, serial_bayou_shore_a
Snake:3:  layout_concentric_octagons, st_stairs_3, serial_bayou_shore_b
Snake:4:  grunt_snake_rune_pools, layout_basic, gammafunk_ghost_grave,
          basic_altar, nicolae_snake_gridmaze_squiggle, st_stairs_9
Slime:1:  layout_caves
Slime:2:  layout_caves
Slime:3:  layout_caves
Slime:4:  layout_caves
Slime:5
Orc:1:    layout_caves
Orc:2:    grunt_orc_community_town_hall, layout_caves,
          grunt_orc_community_big_house_2, grunt_orc_community_big_house_2,
          grunt_orc_community_house_2, grunt_orc_community_house_1,
          grunt_orc_community_house_1, grunt_orc_community_house_3,
          grunt_orc_community_house_2, nicolae_shop_firing_range
Elf:1:    minmay_elf_arrival_circle, layout_onion_city, minivault_13
Elf:2:    nicolae_elf_blades_crystal_corner, layout_geoelf_octagon,
          hangedman_elf_represent
Elf:3:    minmay_elf_hall_curves, layout_gridlike
Vaults:1: kb_rosetta, nicolae_vaults_diagonal_hallway_7,
          nicolae_vaults_bisected_exclaves, v_misc_13, v_misc_14,
          nicolae_vaults_shelves_hall, layout_vaults_big_room, serial_shops,
          shop, nicolae_shop_waterfront, shop_fountains,
          nicolae_shop_waterfront, shop
Vaults:2: ontoclasm_vaults_twist, v_pattern_5,
          vaults_standard_mumra_enter_the_diamond, hangedman_vaults_maws,
          vaults_room_ringed_pool, v_misc_24, v_misc_33,
          nicolae_vaults_big_angled_halls, hangedman_vaults_river_flow,
          v_misc_3, vaults_room_pools, nicolae_vaults_ring_of_whatevers,
          vaults_dpeg_ring, layout_vaults_ring, serial_shops,
          nicolae_square_shop, shop, shop
Vaults:3: ontoclasm_vaults_ring_square, v_misc_23, vaults_room_guarded_vault,
          vaults_dpeg_encased_lava, nicolae_vaults_little_ls,
          nicolae_vaults_triangles, nicolae_vaults_shelves_hall,
          minmay_crypt_entry_nasty_monster, hangedman_vaults_trim,
          layout_vaults_omnigrid, serial_shops, shop
Vaults:4: nicolae_vaults_sealed_display, hangedman_vaults_stretched_pinwheel,
          nicolae_vaults_twisting_passages, v_misc_9,
          ontoclasm_vaults_ring_square, vaults_standard_mumra_x,
          v_alt_pattern_6, vaults_room_door_hall, ontoclasm_vaults_shuriken,
          layout_vaults_omnicross, serial_shops, shop, nicolae_shop_crystal,
          nicolae_diamond_shop, nicolae_shop_bloodbath_and_beyond, uniq_sojobo,
          uniq_mennas
Crypt:1:  layout_rooms, lemuel_mausoleum_altar_kikubaaqudgha, uniq_jory
Crypt:2:  layout_misc_corridors, basic_altar, st_stairs_10
Crypt:3:  quadcrypt_mu
Depths:1: nzn_winding_woodlands_stair_cross [nzn_winding_woodlands_5x15_zeroes,
          nzn_winding_woodlands_center_garden, nzn_winding_woodlands_5x15_pool,
          nzn_winding_woodlands_5x5_checkerboard,
          nzn_winding_woodlands_5x5_closed_star,
          nzn_winding_woodlands_5x15_sawtooth,
          nzn_winding_woodlands_center_pierced_h,
          nzn_winding_woodlands_5x15_twine], layout_cave_pools,
          enter_ziggurat_b, minmay_misc_feat_encased, mu_enter_wizlab_5,
          hell_entry, serial_bayou_ford_a, serial_sigils_hangedman_quiver,
          st_stairs_11, minmay_misc_feat_hallway, minmay_misc_feat_square,
          eino_tiny_chamber, wad_dig_loot
Depths:2: evilmike_hourglass, layout_cave_pools, pan_entry,
          serial_bayou_lagoon_a, nicolae_hell_entry_hellmouth_sunbeams,
          serial_bayou_shore_b, infiniplex_staircase_zigzag_4
Depths:3: minmay_quantized_circle, layout_cave_pools, hangedman_coc_ice_floe,
          serial_bayou_shore_b, abyss_entry
Depths:4: grunt_zot_entry_funnels, layout_long_grid, grunt_decor_clamped,
          serial_shops, shop, hell_entry, due_unseen_surprise
Zot:1:    lemuel_acid_trip, layout_cathedral_of_symmetry,
          nicolae_transmutations_shop
Zot:2:    layout_cellular_growth, st_single_dragon_hoard_2, grunt_megastairs_3
Zot:3:    layout_onion
Zot:4:    layout_misc_corridors, hangedman_zot_decor_tridents,
          hangedman_zot_diagonal_lockstep
Zot:5:    layout_twisted_circle

Skill      XL: |  1  2  3  4  5  6  7  8  9 10 11 12 13 14 15 16 17 18 19 20 21 22 23 24 |
---------------+-------------------------------------------------------------------------+-----
Conjurations   | 1 4 7 9 12 15 16 17 | 17.4
Air Magic      | 3 4 5 6 8 9 10 11 12 13 15 17 | 17.3
Spellcasting   | 2 4 6 8 9 11 13 | 13.9
Fighting       | 1 2 3 4 5 6 7 9 10 12 13 15 16 19 20 | 20.1
Stealth        | 2 3 |  3.4
Armour         | 2 3 5 6 9 11 12 13 15 | 15.0
Maces & Flails | 1 3 4 5 6 9 |  9.5
Staves         | 2 |  2.1
Shields        | 1 3 4 |  4.2
Dodging        | 3 5 7 10 11 14 16 | 16.2
Evocations     | 4 |  4.0
Earth Magic    | 1 9 |  9.1
Necromancy     | 6 |  6.3
Summonings     | 7 11 12 | 12.1
Transmutations | 3 4 |  4.0

Action                   |  1- 3 |  4- 6 |  7- 9 | 10-12 | 13-15 | 16-18 | 19-21 | 22-24 || total
-------------------------+-------+-------+-------+-------+-------+-------+-------+-------++-------
Melee: Whip              |    52 |    34 |   212 |   390 |       |       |       |       ||   688
       Punch             |       |       |     3 |       |       |       |       |       ||     3
       Flail             |       |       |       |    25 |    15 |       |       |       ||    40
       Eveningstar       |       |       |       |       |   388 |   102 |   741 |   140 ||  1371
       Staff             |       |       |       |       |       |       |       |    93 ||    93
 Cast: Shock             |    55 |    21 |    15 |       |       |       |       |       ||    91
       Static Discharge  |     6 |    15 |    18 |   104 |   218 |     4 |       |       ||   365
       Airstrike         |       |       |    73 |   237 |   338 |    42 |    33 |       ||   723
       Swiftness         |       |       |     1 |       |     1 |       |       |       ||     2
       Lightning Bolt    |       |       |       |     6 |   111 |     8 |       |       ||   125
       Orb of Destructio |       |       |       |       |    26 |    34 |   107 |    71 ||   238
       Conjure Ball Ligh |       |       |       |       |       |   280 |   234 |    93 ||   607
       Dispel Undead     |       |       |       |       |       |       |   146 |    12 ||   158
       Sublimation of Bl |       |       |       |       |       |       |     9 |    20 ||    29
       Spellforged Servi |       |       |       |       |       |       |     5 |    95 ||   100
       Maxwell's Capacit |       |       |       |       |       |       |     5 |   123 ||   128
       Irradiate         |       |       |       |       |       |       |       |    43 ||    43
       Lee's Rapid Decon |       |       |       |       |       |       |       |    19 ||    19
Evoke: Wand              |       |       |       |    12 |    15 |    14 |       |     2 ||    43
       Condenser vane    |       |       |       |       |     3 |     1 |     1 |     3 ||     8
  Use: Scroll            |     3 |     4 |     5 |    10 |    17 |     7 |    14 |    17 ||    77
       Potion            |       |       |       |     1 |     8 |     5 |    12 |    13 ||    39
 Stab: Sleeping          |     8 |     1 |       |       |       |       |       |       ||     9
       Invisible         |       |       |       |       |     1 |       |    22 |     5 ||    28
       Distracted        |       |       |       |       |       |       |     1 |       ||     1
Armor: Robe              |    10 |     5 |     3 |       |       |       |       |       ||    18
       Acid dragon scale |       |       |    35 |       |       |       |       |       ||    35
       Fire dragon scale |       |       |    66 |    99 |    74 |   138 |   479 |   301 ||  1157
       Troll leather arm |       |       |       |    93 |   213 |       |       |       ||   306
       Scale mail        |       |       |       |       |       |       |     3 |       ||     3
Dodge: Dodged            |    32 |    27 |   172 |   368 |   640 |   180 |   809 |   419 ||  2647
Block: Other             |     1 |     8 |     1 |       |       |       |       |       ||    10
       Buckler           |       |       |       |   196 |   303 |   106 |   365 |   152 ||  1122

Table legend: (Time is in decaauts)
 A = Elapsed time spent in this place.
 B = Non-inter-level travel time spent in this place.
 C = Inter-level travel time spent in this place.
 D = Time resting spent in this place.
 E = Time spent auto-exploring this place.
 F = Levels seen in this place.
 G = Mean time per level.
                   A        B        C        D        E       F      G
               +--------+--------+--------+--------+--------+-----+--------+
         Total |  89540 |  84077 |   5463 |  13338 |  54620 |  56 | 1598.9 |
       Dungeon |  23028 |  21066 |   1962 |   2818 |  14535 |  15 | 1535.2 |
          Lair |  13284 |  12265 |   1019 |   2094 |   8564 |   6 | 2214.0 |
         Swamp |   7174 |   6890 |    284 |    716 |   4860 |   4 | 1793.5 |
     Snake Pit |   8254 |   7964 |    290 |    888 |   5441 |   4 | 2063.5 |
    Slime Pits |   1429 |   1292 |    137 |    538 |    305 |   5 |  285.8 |
  Orcish Mines |   2019 |   1837 |    182 |    275 |   1080 |   2 | 1009.5 |
   Elven Halls |   5499 |   5290 |    209 |    659 |   3463 |   3 | 1833.0 |
        Vaults |   7366 |   6644 |    722 |    989 |   4046 |   4 | 1841.5 |
         Crypt |   5770 |   5595 |    175 |    102 |   4513 |   3 | 1923.3 |
        Depths |   9908 |   9465 |    443 |   1774 |   5871 |   4 | 2477.0 |
           Zot |   4469 |   4433 |     36 |   2236 |   1178 |   5 |  893.8 |
        Wizlab |   1333 |   1333 |      0 |    248 |    761 |   1 | 1333.0 |
               +--------+--------+--------+--------+--------+-----+--------+

Top non-repeatable levels by time:
Depths:2: 3223 daAuts
 Snake:4: 3009 daAuts
  Lair:6: 2956 daAuts
 Crypt:3: 2858 daAuts
  Lair:2: 2856 daAuts
 Snake:2: 2797 daAuts
Depths:4: 2746 daAuts
Vaults:3: 2672 daAuts
    D:11: 2506 daAuts
  Lair:3: 2438 daAuts
Depths:1: 2418 daAuts
    D:10: 2327 daAuts
Vaults:2: 2288 daAuts
   Elf:3: 2209 daAuts
 Swamp:2: 2169 daAuts
